wizbiz, neutral female human Wizard ------------- ---------- |...........| |..\.....oo |...........| |....)%.%. |...^.......| |......%hh. |............ +..%%.o%.kh| |...........| |...%.o%)%%.# ----------.-- ------------# ## T # # @ ######## ##### # ------.-.- ## # |........| w |..>%....| ###|......... #.........| ---------- wizbiz the Thaumaturge Experience level: 8 Strength: 12 Dexterity: 16 Constitution: 15 Intelligence: 18 Wisdom: 12 Charisma: 11 Health: 0(65) Energy: 30(77) Def: 4 Gold: 184 Moves: 8740 Dungeon seed: u_Wqt0x41hST35qW Game ID: wizbiz_1527198296 Your Inventory: Coins $ - 184 gold pieces Amulets o - an uncursed amulet of ESP (being worn) Weapons w - a +0 sling C - 10 +0 darts J - the blessed fireproof +3 Staff of Aesculapius (weapon in hands) Armor e - an uncursed +1 cloak of magic resistance (being worn) q - a blessed +0 orcish helm (being worn) N - an uncursed +0 pair of low boots (being worn) Comestibles X - an uncursed tripe ration Rings d - an uncursed ring of see invisible D - an uncursed ring of invisibility F - an uncursed ring of shock resistance P - an uncursed ring of conflict (on left hand) Wands b - a wand of striking (0:0) A - a wand of death (0:5) I - a wand of striking (0:6) (in quiver) L - a wand of striking (0:7) S - a wand of striking (0:6) T - a wand of striking (0:6) V - a cursed wand of magic missile (0:5) Tools a - an uncursed sack n - an uncursed blindfold t - an uncursed leash u - a +0 unicorn horn x - 16 uncursed tallow candles (0:200) B - a blessed oil lamp (0:1314) E - an uncursed skeleton key G - 3 uncursed wax candles (0:400) R - an uncursed tin whistle Gems r - an uncursed obsidian stone Contents of the sack: 4106 gold pieces 3 uncursed food rations an uncursed scroll of create monster an uncursed scroll of destroy armor an uncursed scroll of enchant weapon an uncursed scroll of food detection 2 uncursed scrolls of identify 2 cursed scrolls of identify an uncursed scroll of light a blessed scroll of remove curse 3 uncursed scrolls of teleportation a blessed spellbook of force bolt an uncursed spellbook of identify an uncursed spellbook of light an uncursed spellbook of sleep 2 uncursed potions of fruit juice a cursed potion of healing a potion of holy water 2 uncursed potions of invisibility an uncursed potion of object detection an uncursed potion of see invisible a potion of unholy water an uncursed potion of water an uncursed jacinth stone Spells and supernatural/magical abilities: Name Level Category Fail Memory a - force bolt 1 attack 0% 57% l - light 1 divination 0% 84% z - sleep 1 enchantment 0% 87% I - identify 3 divination 86% 57% W - pray for help -- divine ? -- Your skills at the end: Fighting Skills Weapon Skills quarterstaff [Skilled] Spellcasting Skills attack spells [Skilled] enchantment spells [Basic] Final Attributes: You were piously aligned. You were level-drain resistant. You were magic-protected. You were telepathic. You caused conflict. You regenerated. You are dead. Vanquished creatures: a shopkeeper 2 water demons a mountain centaur a watchman a giant beetle a wolf a gnome king a gold golem a dingo a jaguar a dwarf lord a white unicorn a black unicorn a dust vortex 3 ravens a plains centaur 3 human zombies 9 bugbears 2 wood nymphs a water nymph 3 mountain nymphs an orc shaman 2 rock piercers 2 ponies 2 shriekers 9 gnome lords 4 gnomish wizards a kobold mummy a gray ooze a ghoul a straw golem a paper golem a baby crocodile a little dog 2 floating eyes a kitten 8 dwarves 2 homunculi 2 kobold lords a kobold shaman 18 hill orcs 4 rothes a rabid rat 5 monkeys an orc zombie a wererat 5 iguanas 3 acid blobs 2 coyotes 3 hobbits 6 large kobolds 12 hobgoblins 6 giant rats 2 yellow molds 2 red molds 35 gnomes 9 garter snakes a gnome zombie 7 geckos 16 jackals a fox 4 kobolds 2 goblins 8 sewer rats 7 grid bugs a bat 2 lichens 2 newts 246 creatures vanquished. Voluntary challenges: You used a wielded weapon 157 times, starting on turn 11. You read items or engraved 16 times, starting on turn 237. You never genocided any monsters. You never polymorphed an object. You never changed form. You used 1 wish, starting on turn 4716. You wished for your your first artifact on turn 4716. You never split a pudding. You wrote Elbereth's name 11 times, starting on turn 237. You violated your moral code, losing 55 points of alignment, starting on turn 1395. Dungeon overview: The Dungeons of Doom: levels 1 to 12 Level 1 a fountain a long staircase Level 2 a scroll shop, some fountains Level 3 a fountain stairs to The Gnomish Mines Level 4 Level 5 a fountain Level 6 Level 7 Level 11 <- You were here a throne Level 12 The Gnomish Mines: levels 4 to 7 Level 4 stairs to The Dungeons of Doom Level 5 Level 6 many shops, a temple to Thoth, some fountains, a sink Level 7 History has recorded: On T:1 you entered the Dungeons of Doom to retrieve the Amulet of Yendor! On T:7 you advanced to experience level 2. On T:11 you advanced to experience level 3. On T:139 you reached level 2 of The Dungeons of Doom. On T:457 you advanced to experience level 4. On T:479 you reached level 3 of The Dungeons of Doom. On T:833 you advanced to experience level 5. On T:1047 you advanced to experience level 6. On T:2082 you reached level 1 of The Gnomish Mines. On T:2561 you reached level 2 of The Gnomish Mines. On T:2675 you advanced to experience level 7. On T:3188 you reached level 3 of The Gnomish Mines. On T:4716 you wished for "blessed fireproof +2 Staff of Aesculapius". On T:5004 you reached level 4 of The Gnomish Mines. On T:6294 you advanced to experience level 8. On T:6583 you reached level 4 of The Dungeons of Doom. On T:7050 you reached level 5 of The Dungeons of Doom. On T:7148 you reached level 6 of The Dungeons of Doom. On T:7896 you reached level 7 of The Dungeons of Doom. On T:8363 you reached level 12 of The Dungeons of Doom. On T:8370 you reached level 11 of The Dungeons of Doom. Score breakdown: Gold: 4290 (12356 points) Experience: 8 levels (14739 points) Exploration: 12 levels ( 22.64%) (13797 points) Discoveries: 46 items ( 16.03%) (12010 points) Valuables value: (no points given unless you survive) Artifact value: 5000 (12582 points) Variety of kills: 68 monsters ( 17.85%) (12673 points) Turncount: 8740 turns (-2179 points) Survival: died (score multiplied by 80%) Total score: 60782 Latest messages: The hobgoblin misses the troll. The hobgoblin picks up a bow. You hear a door open. The spell misses the troll. The troll swings her scimitar. The troll hits! (2x) The troll bites! The spell hits the troll! The spell hits the hobgoblin! You kill the hobgoblin! The troll swings her scimitar. The troll hits! (2x) The troll bites! The spell misses the troll. The troll swings her scimitar. The troll hits! (2x) The troll bites! You die... Final status: Goodbye wizbiz the Wizard, killed by a troll... You died in The Dungeons of Doom on dungeon level 11 with 60782 points, and 4290 pieces of gold, after 8740 moves. You were level 8 with a maximum of 65 hit points when you died.